 Dungeon Crawl Stone Soup version 0.18-a0-775-g4d9e04e (webtiles) character file.

23022 Kolbur the Unseen (level 13, -1/80 HPs)
             Began as a Kobold Assassin on Dec 13, 2015.
             Was an Elder of Dithmenos.
             Engulfed by a cloud of freezing vapour (7 damage)
             ... in an ice cave.
             The game lasted 02:38:50 (6897 turns).

Kolbur the Unseen (Kobold Assassin)                 Turns: 6897, Time: 02:38:50

Health: -1/80      AC:  5    Str: 13    XL:     13   Next: 32%
Magic:  11/11      EV: 20    Int:  7    God:    Dithmenos [****..]
Gold:   200        SH:  9    Dex: 22    Spells: 5 memorised, 3 levels left

rFire  . . .     SeeInvis +     b - +0 blowgun
rCold  + . .     Clarity  .     U - +2 robe {MR+}
rNeg   . . .     SustAt   .     E - +2 buckler {rPois}
rPois  +         Gourm    .     W - +0 helmet "Papoel" {MR+ Int-5 Dex+4}
rElec  .         Spirit   .     d - +0 cloak
rCorr  .         Dismiss  .     X - -2 pair of gloves of Gozag's Righteous Fury {+Inv rPois Str+2}
rMut   .         Stasis   .     (no boots)
MR     ++...                    (no amulet)
Stlth  ++++++++++               v - ring of Hyptiz {rC+ MP-9 Str+2 Slay+2 SInv}
                                (no ring)

@: wreathed by umbra, repel missiles, very resistant to hostile enchantments,
uncannily stealthy
A: carnivore 3, clumsy 1
a: Shadow Step, Renounce Religion, Evoke Invisibility


You were in an ice cave.
You worshipped Dithmenos.
Dithmenos was greatly pleased with you.
You were very full.

You visited 2 branches of the dungeon, and saw 21 of its levels.
You also visited: Labyrinth, Ossuary and Ice Cave.

You collected 447 gold pieces.
You spent 247 gold pieces at shops.

Inventory:

Hand Weapons
 a - a +2 dagger
 b - a +0 blowgun (weapon)
 c - a +2 short sword of venom
 R - a +2 vampiric lajatang
 T - the +5 broad axe of Catteofoa {venom, Fragile rF+ Dex+3, unknown}
   (You found it in a labyrinth)

   It poisons the flesh of those it strikes.
   It affects your dexterity (+3).
   It protects you from fire.
   It will be destroyed if unequipped.
Missiles
 w - 68 stones
 x - a throwing net
 C - a steel tomahawk
 I - 5 poisoned needles (quivered)
 K - 5 needles of frenzy
 P - 3 tomahawks
Armour
 d - a +0 cloak (worn)
 E - a +2 buckler of poison resistance (worn)
 U - a +2 robe of magic resistance (worn)
 V - a +1 animal skin of cold resistance
 W - the +0 helmet "Papoel" (worn) {MR+ Int-5 Dex+4}
   (You bought it in a shop on level 10 of the Dungeon)

   It affects your intelligence (-5).
   It affects your dexterity (+4).
   It affects your resistance to hostile enchantments.
 X - the -2 pair of gloves of Gozag's Righteous Fury (worn) {+Inv rPois Str+2}
   (You found it in a labyrinth)

   It affects your strength (+2).
   It protects you from poison.
   It lets you turn invisible.
 Z - a +1 animal skin of cold resistance
Magical Staves
 Y - an uncursed staff of power {unknown}
Rods
 A - a +9 rod of shadows (11/14)
   (You found it in a labyrinth)
Jewellery
 e - an uncursed ring of poison resistance
 k - an uncursed ring of positive energy
 v - the ring of Hyptiz (right hand) {rC+ MP-9 Str+2 Slay+2 SInv}
   (You found it in a labyrinth)

   [ring of protection from cold]

   It affects your strength (+2).
   It affects your accuracy and damage with ranged weapons and melee attacks
   (+2).
   It protects you from cold.
   It affects your magic capacity (-9).
   It lets you see invisible.
Wands
 l - a wand of draining (0)
 t - a wand of heal wounds (5)
 D - a wand of confusion (18)
 M - a wand of cold (10)
Scrolls
 f - a scroll of enchant armour
 j - a scroll of holy word
 n - 2 scrolls of teleportation
 p - 2 scrolls of remove curse
 r - a scroll of fear
 y - a scroll of noise {unknown}
 F - a scroll of enchant weapon {unknown}
 G - 2 scrolls of blinking
 N - a scroll of acquirement {unknown}
 O - a scroll of fog {unknown}
 S - 2 scrolls of magic mapping {unknown}
Potions
 i - 2 potions of brilliance
 q - a potion of resistance
 H - 2 potions of heal wounds
 J - a potion of curing
 L - 2 potions of might
 Q - a potion of flight
Books
 B - a book of Ice

   Spells                             Type                      Level
   a - Ice Form                       Ice/Transmutation            4
   b - Metabolic Englaciation         Hexes/Ice                    5
   c - Ozocubu's Refrigeration        Ice                          6
   d - Bolt of Cold                   Conjuration/Ice              6
   e - Freezing Cloud                 Conjuration/Ice/Air          6
   f - Simulacrum                     Ice/Necromancy               6
Miscellaneous
 s - a lantern of shadows
 z - a plain deck of summoning
Comestibles
 g - 7 meat rations
 h - 4 beef jerkies
 m - a slice of pizza
 o - a royal jelly
 u - 3 chunks of flesh


   Skills:
 + Level 9.4 Fighting
 - Level 12.0 Short Blades
 - Level 3.0 Throwing
 + Level 10.2 Dodging
 - Level 15.3 Stealth
 - Level 5.1 Shields
 - Level 1.0 Spellcasting
 - Level 1.2 Charms
 - Level 2.0 Air Magic
 - Level 1.3 Invocations
 - Level 10.0 Evocations


You had 3 spell levels left.
You knew the following spells:

 Your Spells              Type           Power        Failure   Level  Hunger
b - Blink                 Tloc           N/A          75%         2    ###....
g - Passage of Golubria   Tloc           N/A          100%        4    #####..
m - Repel Missiles        Chrm/Air       #.....       38%         2    ###....
z - Apportation           Tloc           #.........   50%         1    ##.....
W - Swiftness             Chrm/Air       #.......     38%         2    ###....


Dungeon Overview and Level Annotations

Branches:
Dungeon (14/15)            Temple (0/1) D:5            Lair (7/8) D:10
 Spider (0/4) Lair:4
  Swamp: Lair:3-6    Shoals: Lair:3-6     Slime: Lair:6-8       Orc: D:9-12
 Vaults: D:13-14

Altars:
Cheibriados
Dithmenos
Elyvilon
Makhleb
Okawaru
Pakellas
Qazlal
Sif Muna
Trog
Vehumet
Xom
The Shining One

Shops:
D:10 *[(

Annotations:
D:3 tof's ghost, amateur HOMo
D:4 Kolbur's ghost, amateur KoAs
D:12 Harold; Nergalle
Lair:4 spider IceCv exclusion: ice statue


Innate Abilities, Weirdness & Mutations

You are small and have problems with some larger weapons.
You are carnivorous and can eat meat at any time.
You are clumsy. (Dex -2)


Message History

You see here an animal skin of cold resistance.
V - an animal skin of cold resistance You see here a glowing spear.
Your magical contamination has completely faded away.
You see here a crooked smoking staff.
Y - a crooked smoking staff You see here an animal skin of cold resistance.
Z - an animal skin of cold resistance Drop what? 52/52 slots (_ for help) (? for menu, Esc to quit)
Okay, then.
Found an ice covered gate leading back out of this place.
You are engulfed in freezing vapours.
You resist.
* * * LOW HITPOINT WARNING * * *
You are engulfed in freezing vapours.
You resist.
* * * LOW HITPOINT WARNING * * *
You are engulfed in freezing vapours.
You resist.
* * * LOW HITPOINT WARNING * * *
There is an ice covered gate leading back out of this place here.
You are engulfed in freezing vapours.
You resist.
You die...

#†..##.##
≈≈≈≈≈#≈#≈.##÷##
#.######
≈≈#≈≈≈##.##.##
###
#≈≈≈≈≈#..#.##
#≈#≈≈##.##†.#
≈≈≈≈≈ #.###†#
#≈≈≈ ##.#.##
#....# ###
##.#.# #@#
###.## ##§#
##.# #§§# ##.#
#§§# #†.# #§##
#.## #§.## #.##
##..# ##.# #..#
##)# ##.##
##..#


There were no monsters in sight!

Vanquished Creatures
  Kirke (D:12)
  A minotaur (Lab)
  An ice dragon (Lair:7)
  3 death yaks (IceCv)
  2 skeletal warriors (D:11)
  A hill giant (D:11)
  A deep elf mage (D:10)
  A griffon (Lair:3)
  A manticore (D:12)
  2 spiny frogs
  A gargoyle (D:11)
  2 komodo dragons
  A freezing wraith (D:14)
  11 polar bears (IceCv)
  A minotaur skeleton (Lab)
  5 blink frogs
  A basilisk (Lair:1)
  22 yaks
  A wraith (D:11)
  4 hippogriffs
  13 wolves
  A hungry ghost (Lab)
  2 steam dragons
  A vampire mosquito (D:13)
  Grum (Lair:1)
  A soldier ant (D:12)
  2 water moccasins
  A sky beast (D:13)
  2 ice beasts
  An eye of draining (D:9)
  An orc warrior (D:13)
  An ogre (D:11)
  2 black bears
  4 porcupines
  3 crocodiles
  4 centaurs
  A necrophage (D:7)
  A big kobold (D:8)
  7 giant frogs
  A scorpion (D:8)
  2 crimson imps
  4 orc priests
  An orc wizard (D:12)
  A centaur skeleton (D:11)
  4 hounds
  3 worker ants
  Natasha (thrice) (D:3)
  5 iguanas
  A hound skeleton (D:6)
  A worker ant zombie (D:11)
  Robin (D:3)
  57 river rats
  7 adders
  A shadow imp (D:8)
  A worm (D:3)
  2 giant geckos (D:9)
  15 orcs
  3 bats
  4 giant cockroaches
  A gnoll zombie (Ossuary)
  11 goblins
  5 hobgoblins
  8 kobolds
  A ball python (D:1)
  3 giant newts
  2 quokka skeletons
  A quokka zombie (D:7)
  5 rats
266 creatures vanquished.

Vanquished Creatures (collateral kills)
  A frost giant (IceCv)
  4 polar bears (IceCv)
  A wolf (IceCv)
  2 river rats (Lair:4)
8 creatures vanquished.

Vanquished Creatures (others)
  A human (D:12)
  A wolf (IceCv)
  A yak (IceCv)
  A crimson imp (D:12)
  A giant gecko (D:3)
  2 fungi
  A plant (Lair:1)
8 creatures vanquished.

Grand Total: 282 creatures vanquished

Notes
Turn   | Place    | Note
--------------------------------------------------------------
     0 | D:1      | Kolbur the Kobold Assassin began the quest for the Orb.
     0 | D:1      | Reached XP level 1. HP: 12/12 MP: 1/1
    96 | D:2      | Found a deep blue altar of Sif Muna.
   126 | D:2      | Reached XP level 2. HP: 17/17 MP: 2/2
   239 | D:3      | Noticed Natasha
   255 | D:3      | Killed Natasha
   255 | D:3      | Reached skill level 6 in Stealth
   255 | D:3      | Reached XP level 3. HP: 9/21 MP: 3/3
   258 | D:3      | Noticed tof's ghost (amateur HOMo)
   332 | D:3      | Reached XP level 4. HP: 17/26 MP: 4/4
   597 | D:3      | Noticed Robin
   610 | D:3      | Noticed Natasha
   642 | D:4      | Noticed Kolbur's ghost (amateur KoAs)
   745 | D:4      | Reached XP level 5. HP: 24/30 MP: 5/5
   761 | D:4      | Found a shadowy altar of Dithmenos.
   770 | D:4      | Became a worshipper of Dithmenos the Shadowed
   812 | D:4      | Found a sand-covered staircase.
   820 | Ossuary  | Entered an ossuary
   919 | D:5      | Entered Level 5 of the Dungeon
  1035 | D:3      | Killed Robin
  1035 | D:3      | Reached skill level 7 in Stealth
  1052 | D:3      | Killed Natasha
  1094 | D:3      | Noticed Natasha
  1094 | D:3      | Found a burning altar of Makhleb.
  1112 | D:3      | Killed Natasha
  1206 | D:5      | Found a staircase to the Ecumenical Temple.
  1226 | D:4      | Found a shimmering altar of Xom.
  1265 | D:5      | Reached * piety under Dithmenos
  1265 | D:5      | Reached skill level 5 in Short Blades
  1392 | D:6      | Learned a level 2 spell: Repel Missiles
  1410 | D:6      | Reached XP level 6. HP: 16/35 MP: 6/6
  1512 | D:6      | Noticed a sky beast
  1526 | D:7      | Noticed a hungry ghost
  1577 | D:7      | Found a snail-covered altar of Cheibriados.
  1581 | D:7      | Reached skill level 8 in Stealth
  1589 | D:7      | Noticed a hippogriff
  1634 | D:7      | Killed a hippogriff
  1634 | D:7      | Reached XP level 7. HP: 13/41 MP: 7/7
  1668 | D:7      | Found a glowing golden altar of the Shining One.
  1690 | D:7      | Reached skill level 9 in Stealth
  1779 | D:7      | Noticed a steam dragon
  1796 | D:7      | Killed a steam dragon
  1809 | D:8      | Found a radiant altar of Vehumet.
  1830 | D:8      | Reached XP level 8. HP: 42/46 MP: 8/8
  1943 | D:8      | Reached skill level 10 in Stealth
  1995 | D:8      | Found an oddly glowing altar of Pakellas.
  2212 | D:9      | Reached XP level 9. HP: 36/52 MP: 9/9
  2364 | D:9      | Reached skill level 11 in Stealth
  2389 | D:9      | Found an iron altar of Okawaru.
  2412 | D:9      | Found a white marble altar of Elyvilon.
  2413 | D:9      | Found a stormy altar of Qazlal.
  2477 | D:9      | Reached ** piety under Dithmenos
  2519 | D:10     | Entered Level 10 of the Dungeon
  2524 | D:10     | Reached skill level 1 in Shields
  2542 | D:10     | Found Kicoqoed's Antique Armour Boutique.
  2568 | D:10     | Found Xipof's Weapon Shoppe.
  2575 | D:10     | Found a staircase to the Lair.
  2589 | D:10     | Noticed a deep elf mage
  2718 | D:11     | Noticed a skeletal warrior
  2718 | D:11     | Noticed a skeletal warrior
  2718 | D:11     | Noticed a skeletal warrior
  2718 | D:11     | Noticed a skeletal warrior
  2722 | D:11     | Killed a skeletal warrior
  2724 | D:11     | Killed a skeletal warrior
  2724 | D:11     | Reached skill level 5 in Dodging
  2835 | D:11     | Reached XP level 10. HP: 18/58 MP: 10/10
  2925 | D:11     | Reached skill level 5 in Fighting
  3149 | D:12     | Noticed Harold
  3224 | D:10     | Killed a deep elf mage
  3224 | D:10     | Reached skill level 5 in Shields
  3242 | D:10     | Found Xydgh's General Store.
  3318 | D:12     | Found an oddly glowing altar of Pakellas.
  3382 | D:12     | Reached skill level 12 in Stealth
  3395 | D:12     | Noticed Kirke
  3418 | D:11     | Noticed a hill giant
  3418 | D:11     | Noticed a gargoyle
  3420 | D:11     | Killed a hill giant
  3420 | D:11     | Reached skill level 10 in Short Blades
  3420 | D:11     | Reached skill level 1 in Spellcasting
  3420 | D:11     | Reached skill level 1 in Air Magic
  3420 | D:11     | Reached skill level 1 in Invocations
  3424 | D:11     | Killed a gargoyle
  3424 | D:11     | Reached skill level 1 in Charms
  3462 | D:11     | Noticed a hill giant
  3490 | D:12     | Noticed a hill giant
  3549 | D:12     | Noticed a manticore
  3984 | D:12     | Killed Kirke
  3984 | D:12     | Reached skill level 13 in Stealth
  3984 | D:12     | Reached XP level 11. HP: 64/66 MP: 12/12
  4001 | D:12     | Killed a manticore
  4053 | D:12     | Noticed Nergalle
  4262 | D:11     | Noticed a hill giant
  4418 | D:10     | Bought a steaming helmet for 247 gold pieces
  4448 | Lair:1   | Entered Level 1 of the Lair of Beasts
  4536 | Lair:1   | Identified the +0 helmet "Papoel" {MR+ Int-5 Dex+4} (You bought it in a shop on level 10 of the Dungeon)
  4560 | Lair:1   | Learned a level 2 spell: Swiftness
  4674 | Lair:1   | Reached skill level 14 in Stealth
  4696 | Lair:1   | Reached *** piety under Dithmenos
  4720 | Lair:1   | Noticed Grum
  4859 | Lair:1   | Killed Grum
  4933 | Lair:2   | Found a bloodstained altar of Trog.
  5161 | Lair:2   | Reached XP level 12. HP: 58/72 MP: 13/13
  5189 | Lair:2   | Reached skill level 15 in Stealth
  5254 | Lair:3   | Reached skill level 1 in Evocations
  5342 | Lair:3   | Reached **** piety under Dithmenos
  5371 | Lair:4   | Noticed an eight-headed hydra
  5379 | Lair:4   | Found a hole to the Spider Nest.
  5396 | Lair:4   | Found a labyrinth entrance.
  5405 | Lab      | Entered a labyrinth
  5760 | Lab      | Noticed a minotaur
  5764 | Lab      | Killed a minotaur
  5766 | Lab      | Got a smoking brass ring
  5767 | Lab      | Got a translucent broad axe
  5767 | Lab      | Got a pair of ichor-stained gloves
  5781 | Lab      | Identified the -2 pair of gloves of Gozag's Righteous Fury {+Inv rPois Str+2} (You found it in a labyrinth)
  5781 | Lab      | Identified the ring of Hyptiz {rC+ MP-9 Str+2 Slay+2 SInv} (You found it in a labyrinth)
  5782 | Lab      | Identified a cursed +9 rod of shadows (14/14) (You found it in a labyrinth)
  5786 | Lab      | Learned a level 2 spell: Blink
  5789 | Lab      | Got a sapphire giant club
  5929 | Lair:7   | Reached skill level 5 in Evocations
  5979 | Lair:7   | Found a deep blue altar of Sif Muna.
  5997 | Lair:7   | Found a frozen archway.
  5997 | Lair:7   | Noticed an ice dragon
  6006 | Lair:7   | Killed an ice dragon
  6018 | IceCv    | Entered an ice cave
  6071 | IceCv    | Learned a level 1 spell: Apportation
  6076 | IceCv    | Learned a level 4 spell: Passage of Golubria
  6212 | IceCv    | Gained mutation: You are clumsy. (Dex -2) [mutagenic glow]
  6242 | IceCv    | Noticed a death yak
  6242 | IceCv    | Noticed a death yak
  6263 | IceCv    | Killed a death yak
  6266 | IceCv    | Killed a death yak
  6331 | IceCv    | Reached XP level 13. HP: 65/78 MP: 9/20
  6517 | IceCv    | Reached skill level 10 in Evocations
  6598 | IceCv    | Noticed a frost giant
  6784 | IceCv    | Reached skill level 10 in Dodging
  6850 | IceCv    | Killed a frost giant
  6897 | IceCv    | Engulfed by a cloud of freezing vapour

Vault maps used:
D:1:      shiori_angband_town
D:2:      nicolae_ashenzari_panopticon, led_sif_pool
D:3:      old_standard_altar, lemuel_flame_loot_1, uniq_robin, uniq_natasha
D:4:      overflow_temple_1_default, nicolae_dithmenos_through_a_glass_darkly,
          first_bread, chequers_ossuary_entry_cave, minivault_4
D:5:      lemuel_crystal_altar
D:6:      serial_shops, shop, mrwooster_statue_mirror, minmay_stone_trees_small
D:7:      lemuel_upstairs_altar, lemuel_round_altar, old_standard_altar,
          lemuel_crystal_altar, serial_shops, shop_statue
D:8:      lemuel_doored_altar, lemuel_zombie_altar_yredelemnul, basic_altar,
          grunt_livestock, fedhas_altar_3
D:9:      lemuel_flame_loot_2, grunt_gozag_breadcrumbs,
          grunt_temple_overflow_open, orc_0_dummy, kennysheep_okawaru_gauntlet
D:10:     lair_0_dummy, serial_shops, shop_fountains, shop, shop,
          kennysheep_small_square
D:11:     serial_shops, shop
D:12:     hangedman_decor_lopped, johnstein_pakellas_death_squad, uniq_nergalle,
          uniq_harold, uniq_gastronok, uniq_kirke
D:13:     david_vaults_2
D:14:     basic_altar, minmay_misc_feat_roman
Lair:1:   uniq_grum
Lair:2:   basic_altar, beast_lair_carwin_11, grunt_megastairs_3
Lair:3:   minmay_lair_oklob_tunnel
Lair:4:   dragon1_lemuel, spider_nest_entry_rubble, lab_entry_generic,
          lemuel_fruit_tree, serial_bayou_shore_a, infiniplex_staircase_pool
Lair:5:   elwin_shoals_entry_rooms, basic_altar, serial_bayou_shore_b
Lair:6:   pond
Lair:7:   basic_altar, portal_ice_cave_entry_dragon, wad_woods_road_03,
          grunt_megastairs_1, infiniplex_staircase_pool_2
Lab:      nicolae_lab_blocks, nicolae_lab_quarters, lab_fountain
Ossuary:  minmay_ossuary_gauntlet
IceCv:    ice_cave_caverns_03

Action                   |  1- 3 |  4- 6 |  7- 9 | 10-12 | 13-15 || total
-------------------------+-------+-------+-------+-------+-------++-------
Melee: Dagger            |    45 |   129 |    51 |    49 |    22 ||   296
       Short sword       |       |       |    66 |   559 |   131 ||   756
 Fire: Blowgun           |     6 |    24 |     6 |     9 |     9 ||    54
Throw: Stone             |       |     1 |    13 |     2 |     1 ||    17
       Tomahawk          |       |       |       |     2 |     1 ||     3
       Throwing net      |       |       |       |     2 |       ||     2
 Cast: Repel Missiles    |       |       |       |     2 |       ||     2
Invok: Shadow Step       |       |       |       |     3 |       ||     3
 Abil: Evoke Invisibilit |       |       |       |     3 |     1 ||     4
       Turn Visible      |       |       |       |     1 |       ||     1
Evoke: Wand              |       |     2 |       |     3 |     1 ||     6
       Rod               |       |       |       |     1 |     6 ||     7
  Use: Scroll            |       |     4 |     3 |    14 |       ||    21
       Potion            |       |     1 |     2 |       |     1 ||     4
 Stab: Sleeping          |     8 |     7 |    18 |    69 |       ||   102
       Distracted        |       |       |     1 |     5 |     1 ||     7
       Confused          |       |       |       |     3 |       ||     3
       Held in net/web   |       |       |       |     2 |       ||     2
       Invisible         |       |       |       |     1 |     4 ||     5
  Eat: Chunk             |       |     9 |     2 |    15 |     6 ||    32

Vault maps used:
D:1:      shiori_angband_town
D:2:      nicolae_ashenzari_panopticon, led_sif_pool
D:3:      old_standard_altar, lemuel_flame_loot_1, uniq_robin, uniq_natasha
D:4:      overflow_temple_1_default, nicolae_dithmenos_through_a_glass_darkly,
          first_bread, chequers_ossuary_entry_cave, minivault_4
D:5:      lemuel_crystal_altar
D:6:      serial_shops, shop, mrwooster_statue_mirror, minmay_stone_trees_small
D:7:      lemuel_upstairs_altar, lemuel_round_altar, old_standard_altar,
          lemuel_crystal_altar, serial_shops, shop_statue
D:8:      lemuel_doored_altar, lemuel_zombie_altar_yredelemnul, basic_altar,
          grunt_livestock, fedhas_altar_3
D:9:      lemuel_flame_loot_2, grunt_gozag_breadcrumbs,
          grunt_temple_overflow_open, orc_0_dummy, kennysheep_okawaru_gauntlet
D:10:     lair_0_dummy, serial_shops, shop_fountains, shop, shop,
          kennysheep_small_square
D:11:     serial_shops, shop
D:12:     hangedman_decor_lopped, johnstein_pakellas_death_squad, uniq_nergalle,
          uniq_harold, uniq_gastronok, uniq_kirke
D:13:     david_vaults_2
D:14:     basic_altar, minmay_misc_feat_roman
Lair:1:   uniq_grum
Lair:2:   basic_altar, beast_lair_carwin_11, grunt_megastairs_3
Lair:3:   minmay_lair_oklob_tunnel
Lair:4:   dragon1_lemuel, spider_nest_entry_rubble, lab_entry_generic,
          lemuel_fruit_tree, serial_bayou_shore_a, infiniplex_staircase_pool
Lair:5:   elwin_shoals_entry_rooms, basic_altar, serial_bayou_shore_b
Lair:6:   pond
Lair:7:   basic_altar, portal_ice_cave_entry_dragon, wad_woods_road_03,
          grunt_megastairs_1, infiniplex_staircase_pool_2
Lab:      nicolae_lab_blocks, nicolae_lab_quarters, lab_fountain
Ossuary:  minmay_ossuary_gauntlet
IceCv:    ice_cave_caverns_03

Table legend:
 A = Turns spent in this place as a percentage of turns spent in the entire game.
 B = Non-inter-level travel turns spent in this place as a percentage of non-inter-level travel turns spent in the entire game.
 C = Inter-level travel turns spent in this place as a percentage of turns spent in this place.
 D = Turns resting spent in this place as a percentage of non-inter-level travel turns spent in this place.
 E = Turns spent auto-exploring this place as a percentage of non-inter-level travel turns spent in this place.
 F = Non-inter-level travel turns spent in this place divided by the number of levels of this place that you've seen.
                   A       B       C       D       E      F
               +-------+-------+-------+-------+-------+----------------------
         Total | 100.0 | 100.0 |   0.0 |   0.3 |   0.0 | 297.8
       Dungeon |  62.1 |  62.1 |   0.1 |   0.3 |   0.0 | 317.0
          Lair |  17.2 |  17.2 |   0.0 |   0.5 |   0.0 | 175.4
     Labyrinth |   5.8 |   5.8 |   0.0 |   0.0 |   0.0 | 417.0
       Ossuary |   0.6 |   0.6 |   0.0 |   0.0 |   0.0 |  41.0
      Ice Cave |  14.3 |  14.3 |   0.0 |   0.2 |   0.0 | 1022.0
               +-------+-------+-------+-------+-------+----------------------
